 Dungeon Crawl Stone Soup version 0.31-a0-210-gccc998df9b (webtiles) character file.

Game seed: 17730865848230838314

83 qw the Shooter (level 4, -8/26 HPs)
             Began as a Gargoyle Hexslinger on June 30, 2023.
             Mangled by a gnoll
             ... wielding a +0 halberd
              (11 damage)
             ... on level 2 of the Dungeon.
             The game lasted 00:00:41 (1424 turns).

qw the Shooter (Gargoyle Hexslinger)                Turns: 1424, Time: 00:00:42

Health: -8/26      AC:  9    Str: 11    XL:     4   Next: 44%
Magic:  5/5        EV: 10    Int: 14    God:
Gold:   23         SH:  0    Dex: 14    Spells: 4/5 levels left

rFire   . . .        Y - +2 sling
rCold   . . .        (no shield)
rNeg    + . .        b - +0 ring mail
rPois   inf          (no helmet)
rElec   +            (no cloak)
rCorr   .            c - +0 pair of gloves
SInv    +            (no boots)
Will    +....        (no amulet)
Stlth   +            h - ring of see invisible
HPRegen 0.24/turn    e - ring of willpower
MPRegen 0.09/turn

%: no passive effects
@: no status effects
A: sickness immunity, AC +3, negative energy resistance 1, electricity
resistance, torment resistance 1, petrification resistance
a: no special abilities


You were on level 2 of the Dungeon.
You visited 1 branch of the dungeon, and saw 2 of its levels.

You collected 77 gold pieces.
You spent 54 gold pieces at shops.


Innate Abilities, Weirdness & Mutations

You are immune to sickness and miasma.
Your stone body is resilient. (AC +3)
You are immune to poison.
You resist negative energy. (rN+)
You are resistant to electric shocks. (rElec)
You are resistant to unholy torment.
You are immune to petrification.


   Skills:
 - Level 2.0 Fighting
 + Level 4.0 Ranged Weapons
 - Level 1.0 Armour
 - Level 1.5 Dodging
 - Level 1.0 Spellcasting
 - Level 2.6 Hexes


You had 4 spell levels left.
You knew the following spells:

 Your Spells              Type           Power      Damage    Failure   Level
a - Slow                  Hex            32%        N/A       21%         1

Your spell library contained the following spells:

 Spells                   Type           Power      Damage    Failure   Level
 Inner Flame              Hex/Fire       4%         N/A       71%         3
 Portal Projectile        Hex/Tloc       8%         N/A       71%         3
 Cause Fear               Hex            4%         N/A       90%         4

Inventory:

Hand Weapons
 Y - a +2 sling (weapon)
Armour
 b - a +0 ring mail (worn)
 c - a +0 pair of gloves (worn)
Jewellery
 e - a ring of willpower (right hand)
 f - a +6 ring of strength
 h - a ring of see invisible (left hand)
Scrolls
 d - a scroll of identify
 i - a scroll of fog {unknown}
Potions
 a - 2 potions of brilliance {unknown}
 g - 2 potions of heal wounds {unknown}
 j - a potion of haste {unknown}
 m - a potion of mutation {unknown}

Dungeon Overview and Level Annotations

Branches:
Dungeon (2/15)

Altars:

Shops:
D:2 [


Message History

The gnoll is moderately wounded.
You shoot a sling bullet. The sling bullet hits the gnoll.
The gnoll is heavily wounded.
The gnoll hits you but does no damage. The gnoll closely misses you.
You shoot a sling bullet.
The sling bullet closely misses the gnoll.
The sling bullet hits the gnoll.
The gnoll is lightly wounded.
The gnoll hits you but does no damage.
You shoot a sling bullet. The sling bullet hits the gnoll!
The gnoll is severely wounded.
The gnoll closely misses you. x2
You shoot a sling bullet.
The sling bullet barely misses the gnoll.
The sling bullet hits the gnoll but does no damage.
The gnoll is heavily wounded.
The gnoll closely misses you. The gnoll barely misses you. x2
You shoot a sling bullet. The sling bullet hits the gnoll.
You kill the gnoll!
The gnoll hits you but does no damage.
The gnoll hits you from afar with a +0 halberd!
Your Ranged Weapons skill increases to level 4!
You shoot a sling bullet.
The sling bullet completely misses the gnoll.
The gnoll closely misses you. x2; The gnoll hits you but does no damage.
You shoot a sling bullet.
The sling bullet hits the gnoll but does no damage.
The gnoll is lightly wounded.
A ball python comes into view.
The gnoll misses you. The gnoll hits you but does no damage.
The gnoll hits you with a +0 flail. The gnoll barely misses you.
The gnoll hits you from afar with a +0 halberd.
The gnoll closely misses you.
You shoot a sling bullet. The ball python hisses angrily.
The sling bullet hits the gnoll.
The gnoll is moderately wounded.
The gnoll hits you with a +0 flail.
The gnoll hits you from afar with a +0 halberd!
You die...

...# .S.# ####
..# ##..##.()#
... #...#..8.
###.# #. .......
###...#...
.g..#####
#.......#
##.g......
.......... #g@).#
....# #.# #....#
....#####.##
#.####
......)....## #.#
............###.#
................#
.....}~.P~~}..###
.....~.....~.##
.....~.###.}.##


You could see 3 gnolls and a ball python.

Vanquished Creatures
  A gnoll (D:2)
  2 adders
  2 dart slugs
  4 endoplasms
  4 giant cockroaches
  3 goblins (D:2)
  A hobgoblin (D:1)
  8 jackals (D:1)
  3 kobolds (D:1)
  A quokka (D:1)
  6 ball pythons
  4 bats
  3 frilled lizards
  6 rats
48 creatures vanquished.

Notes
Turn   | Place    | Note
-------+----------+-------------------------------------------
     0 | D:1      | qw the Gargoyle Hexslinger began the quest for the Orb.
     0 | D:1      | Reached XP level 1. HP: 12/12 MP: 2/2
     0 | D:1      | 0 ||| qw: Version: 0.3-a-26-gee661ec
     0 | D:1      | 0 ||| qw: Game counter: 7278
     0 | D:1      | 0 ||| qw: Melee chars always use a shield: true
     0 | D:1      | 0 ||| qw: God list: Okawaru
     0 | D:1      | 0 ||| qw: Allow faded altars: false
     0 | D:1      | 0 ||| qw: Do Orc after clearing Dungeon:15 true
     0 | D:1      | 0 ||| qw: Do second Lair branch before Depths: true
     0 | D:1      | 0 ||| qw: Lair rune preference: random
     0 | D:1      | 0 ||| qw: Goals: Normal
     0 | D:1      | 0 ||| PLANNING D:1-11
   107 | D:1      | Reached XP level 2. HP: 16/16 MP: 3/3
   382 | D:1      | 382 ||| FLEEEEING.
   383 | D:1      | 383 ||| FLEEEEING.
   384 | D:1      | 384 ||| FLEEEEING.
   394 | D:1      | Reached skill level 3 in Ranged Weapons
   603 | D:1      | Reached XP level 3. HP: 21/21 MP: 4/4
   903 | D:1      | 903 ||| UPGRADING to ring of willpower.
   904 | D:1      | 904 ||| UPGRADING to +6 ring of strength.
   905 | D:1      | 905 ||| UPGRADING to ring of see invisible.
   907 | D:1      | 907 ||| UPGRADING to ring of willpower.
   909 | D:1      | 909 ||| READING scroll labelled EHYFOU REH XUC.
   910 | D:1      | 910 ||| READING scroll labelled XUJOXE PASI.
   911 | D:1      | 911 ||| READING scroll labelled JULUEH OFAOCW.
   912 | D:1      | 912 ||| READING scroll labelled ANLIF YTEYB.
   913 | D:1      | 913 ||| DROPPING scroll of poison.
   964 | D:2      | 964 ||| STAIRDANCE
  1055 | D:2      | Found a faded altar of an unknown god.
  1132 | D:2      | Reached XP level 4. HP: 26/26 MP: 5/5
  1170 | D:2      | 1170 ||| UPGRADING to +0 ring mail.
  1178 | D:2      | 1178 ||| UPGRADING to +0 ring mail.
  1183 | D:2      | 1183 ||| DROPPING +0 robe.
  1250 | D:2      | Noticed an animated crystal plate armour
  1251 | D:2      | Noticed an animated pearl dragon scales
  1253 | D:2      | Found Narepn's Armour Boutique.
  1259 | D:2      | 1259 ||| READING 2 scrolls labelled GOEBAS WUPH.
  1260 | D:2      | 1260 ||| READING scroll labelled UPROIXKA FUADO.
  1261 | D:2      | 1261 ||| READING scroll labelled SYHELEFUIDD.
  1263 | D:2      | 1263 ||| FLEEEEING.
  1277 | D:2      | 1277 ||| BUYING +0 pair of gloves (54 gold).
  1277 | D:2      | Bought a +0 pair of gloves for 54 gold pieces
  1277 | D:2      | 1277 ||| UPGRADING to +0 pair of gloves.
  1376 | D:2      | Reached skill level 1 in Armour
  1422 | D:2      | Reached skill level 4 in Ranged Weapons
  1424 | D:2      | HP: 3/26 [gnoll/+0 flail (6)]
  1424 | D:2      | Mangled by a gnoll

Levels and vault maps discovered:
D:1:      onia_arrival_handbag, layout_basic, minivault_5
D:2:      layout_rooms, shapermc_ecumenical_altar_acropolis, serial_shops,
          nicolae_shop_mannequins, chequers_serial_rivers_marsh,
          nicolae_concentric_dashed_squares_wild, mrwooster_statue_mirror

Skill      XL: |  1  2  3  4 |
---------------+-------------+-----
Ranged Weapons | 3 4 |  4.0
Fighting       | 2 |  2.0
Armour         | 1 |  1.0
Dodging        | |  1.5
Spellcasting   | |  1.0
Hexes          | |  2.6

Action                     |  1- 3 |  4- 6 || total
---------------------------+-------+-------++-------
   Fire: Sling             |   122 |    27 ||   149
    Use: Scroll            |     4 |     3 ||     7
 Armour: Robe              |    38 |     1 ||    39
         Ring mail         |       |     6 ||     6
  Dodge: Dodged            |    78 |    14 ||    92

Table legend:
 A = Non-vault XP
 B = Vault XP
 C = Vault XP percentage of total XP
 D = Non-vault monster count
 E = Vault monster count
 F = Vault count percentage of total count
                 A         B        C        D         E       F
            +---------+---------+-------+---------+---------+-------
      Total |     114 |       5 |   4.2 |      44 |       4 |   8.3
            +---------+---------+-------+---------+---------+-------
        D:1 |      63 |       5 |   7.4 |      30 |       4 |  11.8
        D:2 |      51 |       0 |   0.0 |      14 |       0 |   0.0
            +---------+---------+-------+---------+---------+-------
